 Dungeon Crawl Stone Soup version 0.24-a0-117-g53b5160 (webtiles) character file.

Game seed: 18106601299529266779

949 galech the Chopper (level 7, -2/56 (57) HPs)
             Began as a Demonspawn Fighter on Feb 18, 2019.
             Was an Initiate of Okawaru.
             Slain by an orc warrior
             ... wielding a +0 dire flail
              (3 damage)
             ... on level 5 of the Dungeon.
             The game lasted 00:04:57 (3816 turns).

galech the Chopper (Demonspawn Fighter)             Turns: 3816, Time: 00:04:58

HP:   -2/56 (57)    AC: 13    Str: 26    XL:     7   Next: 89%
MP:   7/7           EV:  6    Int: 12    God:    Okawaru [......]
Gold: 326           SH: 10    Dex: 14    Spells: 6/6 levels left

rFire    . . .     SeeInvis +   y - +3 war axe (chop)
rCold    + . .     Gourm    .   c - +0 shield
rNeg     + . .     Faith    .   j - +0 chain mail
rPois    .         Spirit   .   (no helmet)
rElec    .         Reflect  .   B - +0 cloak
rCorr    .         Harm     .   E - +0 pair of gloves "Biewemio" {Str+4 Int+3}
MR       .....                  (no boots)
Stlth    ..........             (no amulet)
HPRegen  0.18/turn              F - ring of positive energy
MPRegen  0.10/turn              w - ring of see invisible

@: mighty
A: hooves 2, rugged brown scales 2, cold resistance 1
a: Renounce Religion


You were on level 5 of the Dungeon.
You worshipped Okawaru.
Okawaru was noncommittal.
You were not hungry.

You visited 2 branches of the dungeon, and saw 6 of its levels.

You collected 326 gold pieces.

Inventory:

Hand Weapons
 a - a +0 war axe
 x - a +0 vampiric hand axe
 y - a +3 war axe of chopping (weapon)
Armour
 b - a +0 scale mail
 c - a +0 shield (worn)
 j - a +0 chain mail (worn)
 B - a +0 cloak (worn)
 E - the +0 pair of gloves "Biewemio" (worn) {Str+4 Int+3}
   (You found it on level 4 of the Dungeon)

   It affects your strength (+4).
   It affects your intelligence (+3).
 H - a +2 pair of gloves
Jewellery
 h - a +4 ring of intelligence
 q - an uncursed ring of positive energy
 w - a ring of see invisible (right hand)
 F - a ring of positive energy (left hand)
Wands
 D - a wand of digging (4)
Scrolls
 e - 2 scrolls of remove curse
 l - a scroll of enchant armour
 m - 3 scrolls of amnesia
 p - 4 scrolls of teleportation
 s - 2 scrolls of immolation
 v - 3 scrolls of blinking
Potions
 g - 2 potions of cancellation
 i - a potion of invisibility {unknown}
 o - a potion of ambrosia {unknown}
 r - a potion of berserk rage {unknown}
 t - 2 potions of haste {unknown}
 u - 2 potions of flight {unknown}
 z - a potion of magic {unknown}
 A - 2 potions of agility {unknown}
 C - a potion of lignification {unknown}
Comestibles
 f - 7 rations
 G - 2 chunks of flesh


   Skills:
 + Level 4.3 Fighting
 + Level 6.1 Axes
 + Level 4.0 Armour
 + Level 1.0 Dodging
 + Level 0.2 Stealth
 + Level 4.6 Shields


You had 6 spell levels left.
You didn't know any spells.
Your spell library was empty.

Dungeon Overview and Level Annotations

Branches:
Dungeon (5/15)             Temple (1/1) D:5

Altars:
Ashenzari
Elyvilon
Gozag
Makhleb
Okawaru
Qazlal
Trog
Uskayaw
Zin


Innate Abilities, Weirdness & Mutations

You have hoof-like feet.
You are mostly covered in rugged brown scales. (AC +2, +5% HP)
Your flesh is cold resistant. (rC+)


Message History

The orc warrior hits you with a +0 dire flail!
* * * LOW HITPOINT WARNING * * *
You slash the orc priest!
You kill the orc priest!
Okawaru accepts your kill.
Your Armour skill increases to level 4!
You hit the orc warrior.
The orc warrior hits you with a +0 dire flail!
* * * LOW HITPOINT WARNING * * *
You hit the orc warrior but do no damage.
Your kick misses the orc warrior.
The orc warrior is severely wounded.
You slice the orc!!
You kill the orc!
Okawaru accepts your kill. You block the orc warrior's attack.
You closely miss the orc warrior. Your kick misses the orc warrior.
The orc warrior is severely wounded.
The orc warrior hits you with a +0 dire flail.
You die...

### ..# #.## ###..#
##.#..##.#
..###..#.....#
...($.o@.# #.....)#.##
#. ...# #.(8...#..# #.#
..# .##8.###..####### ##
.... ..# ..$# #.........
..# #...##.# ###.
#.######## #.. .......#
# #.# #.#
#.##..##########.# #.#
.#................######
#.#


You could see an orc warrior.

Vanquished Creatures
  A hippogriff (D:4)
  Menkaure (D:4)
  Duvessa (D:4)
  A necrophage (D:5)
  Dowan (D:4)
  A scorpion (D:4)
  A crimson imp (D:5)
  A hound (D:5)
  A jelly (D:5)
  An orc priest (D:5)
  Crazy Yiuf (D:4)
  A worker ant (D:5)
  7 adders
  A gnoll (D:1)
  A shadow imp (D:2)
  An ooze (D:5)
  2 adder skeletons
  3 worms (D:2)
  3 dart slugs
  A leopard gecko (D:1)
  11 orcs
  A ball python (D:1)
  3 giant cockroaches
  7 goblins
  6 hobgoblins
  6 bats
  7 frilled lizards
  10 kobolds
  3 rats (D:1)
85 creatures vanquished.

Notes
Turn   | Place    | Note
-------+----------+-------------------------------------------
     0 | D:1      | galech the Demonspawn Fighter began the quest for the Orb.
     0 | D:1      | Reached XP level 1. HP: 18/18 MP: 1/1
    74 | D:1      | Reached skill level 2 in Axes
   155 | D:1      | Gained mutation: You are partially covered in rugged brown
                  | scales. (AC +1, +3% HP) [demonic ancestry]
   155 | D:1      | Reached XP level 2. HP: 15/24 MP: 2/2
   423 | D:1      | Gained mutation: You are mostly covered in rugged brown
                  | scales. (AC +2, +5% HP) [demonic ancestry]
   423 | D:1      | Reached XP level 3. HP: 24/30 MP: 3/3
   911 | D:2      | Found a glowing silver altar of Zin.
  1055 | D:2      | Reached XP level 4. HP: 36/36 MP: 4/4
  1793 | D:3      | Reached skill level 3 in Axes
  1816 | D:3      | Found a stormy altar of Qazlal.
  2018 | D:2      | Found a hide-covered altar of Uskayaw.
  2443 | D:3      | Gained mutation: Your flesh is cold resistant. (rC+)
                  | [demonic ancestry]
  2443 | D:3      | Reached XP level 5. HP: 43/43 MP: 5/5
  2730 | D:4      | Got a pair of jewelled gloves
  2736 | D:4      | Identified the +0 pair of gloves "Biewemio" {Str+4 Int+3}
                  | (You found it on level 4 of the Dungeon)
  2870 | D:4      | Noticed a hippogriff
  2873 | D:4      | Noticed Duvessa
  2873 | D:4      | Noticed Dowan
  2881 | D:4      | Killed a hippogriff
  2881 | D:4      | Reached skill level 4 in Axes
  2881 | D:4      | Gained mutation: You have large cloven feet. [demonic
                  | ancestry]
  2881 | D:4      | Reached XP level 6. HP: 39/50 MP: 6/6
  2883 | D:4      | Killed Duvessa
  2892 | D:4      | Killed Dowan
  3036 | D:4      | Noticed Menkaure
  3043 | D:4      | Killed Menkaure
  3043 | D:4      | Reached skill level 5 in Axes
  3043 | D:4      | Gained mutation: You have hoof-like feet. [demonic
                  | ancestry]
  3043 | D:4      | Reached XP level 7. HP: 27/56 MP: 7/7
  3412 | D:4      | Found a runed translucent door.
  3413 | D:4      | Noticed Crazy Yiuf
  3420 | D:4      | Killed Crazy Yiuf
  3523 | D:5      | Entered Level 5 of the Dungeon
  3620 | D:5      | Reached skill level 1 in Dodging
  3639 | D:5      | Reached skill level 6 in Axes
  3643 | D:5      | Found a staircase to the Ecumenical Temple.
  3654 | Temple   | Entered the Ecumenical Temple
  3697 | Temple   | Became a worshipper of Warmaster Okawaru
  3814 | D:5      | HP: 1/56 [orc warrior/+0 dire flail (14)]
  3816 | D:5      | Slain by an orc warrior

Levels and vault maps discovered:
D:1:      dpeg_arrival_arbitrary_a, layout_rooms
D:2:      lemuel_upstairs_altar, layout_basic, old_standard_altar
D:3:      layout_basic, nicolae_overflow_crystal_walls, serial_rivers,
          chequers_serial_rivers_micro_e, chequers_serial_rivers_micro_a,
          chequers_serial_rivers_small_a, chequers_serial_rivers_micro_b,
          minmay_increasing_density
D:4:      layout_loops_ring, uniq_menkaure, uniq_crazy_yiuf_cottage,
          uniq_duvessa
D:5:      layout_loops_ring, grunt_temple_overflow_magic_moments,
          old_standard_altar, minmay_temple_entry_grid, first_ration,
          guppyfry_early_orc_mine, uniq_prince_ribbit1
Temple:   nicolae_temple_hex_pool

Skill      XL: |  1  2  3  4  5  6  7 |
---------------+----------------------+-----
Axes           | 2 3 4 5 6 |  6.1
Shields        | 3 4 |  4.6
Armour         | 3 4 |  4.0
Fighting       | 4 |  4.3
Dodging        | 1 |  1.0
Stealth        | |  0.2

Action                   |  1- 3 |  4- 6 |  7- 9 || total
-------------------------+-------+-------+-------++-------
Melee: War axe           |   131 |   139 |    36 ||   306
       Kick              |       |     2 |    16 ||    18
  Use: Scroll            |     1 |       |     8 ||     9
       Potion            |       |     1 |     1 ||     2
  Eat: Chunk             |     1 |     6 |     3 ||    10
Armor: Scale mail        |    28 |       |       ||    28
       Chain mail        |    58 |   103 |    12 ||   173
Dodge: Dodged            |    39 |    43 |     3 ||    85
Block: Shield            |    71 |    72 |    18 ||   161

Table legend:
 A = Non-vault XP
 B = Vault XP
 C = Vault XP percentage of total XP
 D = Non-vault monster count
 E = Vault monster count
 F = Vault count percentage of total count
                 A         B        C        D         E       F
            +---------+---------+-------+---------+---------+-------
      Total |     858 |     498 |  36.7 |      71 |      14 |  16.5
            +---------+---------+-------+---------+---------+-------
        D:1 |      43 |       0 |   0.0 |      21 |       0 |   0.0
        D:2 |     104 |       0 |   0.0 |      21 |       0 |   0.0
        D:3 |      47 |      22 |  31.9 |      15 |       5 |  25.0
        D:4 |     357 |     423 |  54.2 |       7 |       4 |  36.4
        D:5 |     307 |      53 |  14.7 |       7 |       5 |  41.7
            +---------+---------+-------+---------+---------+-------
